 Dungeon Crawl Stone Soup version 0.24.0-13-gcf9b3192b9 (console) character file.

Game seed: 17233955822064667863, levelgen mode: deterministic

294 Kagalorn the Magician (level 6, -2/44 HPs)
             Began as a Gnoll Wizard on Nov 5, 2019.
             Was an Initiate of Cheibriados.
             Slain by a worker ant (6 damage)
             ... on level 4 of the Dungeon.
             The game lasted 00:11:56 (3696 turns).

Kagalorn the Magician (Gnoll Wizard)                Turns: 3696, Time: 00:11:56

Health: -2/44      AC:  4    Str: 10    XL:     6   Next: 34%
Magic:  4/16       EV: 13    Int: 24    God:    Cheibriados [......]
Gold:   217        SH:  4    Dex: 14    Spells: 10/19 levels left

rFire    + . .     SeeInvis .   a - +0 war axe
rCold    . . .     Gourm    .   n - +0 buckler
rNeg     . . .     Faith    .   z - +0 leather armour {rF+}
rPois    .         Spirit   .   y - +0 helmet
rElec    .         Reflect  .   (no cloak)
rCorr    .         Harm     .   (no gloves)
MR       .....                  (no boots)
Stlth    +++.......             (no amulet)
HPRegen  0.14/turn              (no ring)
MPRegen  0.15/turn              (no ring)

@: very slow
A: distributed training, fangs 1, strong nose
a: Bend Time, Renounce Religion


You were on level 4 of the Dungeon.
You worshipped Cheibriados.
Cheibriados was noncommittal.
You were not hungry.

You visited 2 branches of the dungeon, and saw 6 of its levels.

You collected 217 gold pieces.

Inventory:

Hand Weapons
 a - a +0 war axe (weapon)
 b - a +0 dagger
Missiles
 e - 86 bolts
 h - 93 stones (quivered)
 r - 10 poisoned darts
 w - 51 sling bullets
 x - a throwing net
 D - 28 arrows
Armour
 n - a +0 buckler (worn)
 y - a +0 helmet (worn)
 z - a +0 leather armour of fire resistance (worn)
Jewellery
 g - an uncursed ring of flight {unknown}
 j - an uncursed ring of protection from magic {unknown}
 A - an uncursed ring of see invisible {unknown}
Wands
 u - a wand of acid (3)
Scrolls
 c - a scroll of blinking {unknown}
 f - a scroll of random uselessness {unknown}
 i - 6 scrolls of identify {unknown}
 k - a scroll of remove curse {unknown}
 m - 2 scrolls of magic mapping {unknown}
 p - a scroll of teleportation {unknown}
 q - 3 scrolls of enchant weapon {unknown}
 v - a scroll of immolation {unknown}
 B - 2 scrolls of fog {unknown}
 C - a scroll of enchant armour {unknown}
 E - a scroll of noise {unknown}
 F - a scroll of fear {unknown}
Potions
 l - a potion of agility {unknown}
 o - 3 potions of lignification {unknown}
 s - 2 potions of mutation {unknown}
 t - 2 potions of curing {unknown}
Comestibles
 d - 11 rations


   Skills:
 + Level 1.9 Fighting
 + Level 1.9 Short Blades
 + Level 1.9 Long Blades
 + Level 1.9 Axes
 + Level 1.9 Maces & Flails
 + Level 1.9 Polearms
 + Level 1.9 Staves
 + Level 1.9 Slings
 + Level 1.9 Bows
 + Level 1.9 Crossbows
 + Level 1.9 Throwing
 + Level 1.9 Armour
 + Level 4.9 Dodging
 + Level 4.5 Stealth
 + Level 1.9 Shields
 + Level 1.9 Unarmed Combat
 + Level 7.4 Spellcasting
 + Level 2.6 Conjurations
 + Level 1.5 Hexes
 + Level 1.5 Charms
 + Level 2.6 Summonings
 + Level 1.5 Necromancy
 + Level 2.6 Translocations
 + Level 1.5 Transmutations
 + Level 1.5 Fire Magic
 + Level 1.5 Ice Magic
 + Level 1.5 Air Magic
 + Level 1.5 Earth Magic
 + Level 1.5 Poison Magic
 + Level 2.1 Invocations
 + Level 1.9 Evocations


You had 10 spell levels left.
You knew the following spells:

 Your Spells              Type           Power        Failure   Level  Hunger
a - Magic Dart            Conj           ###.         4%          1    None
d - Conjure Flame         Conj/Fire      ###.....     16%         3    None
e - Mephitic Cloud        Conj/Pois/Air  ###.....     17%         3    None
f - Blink                 Tloc           N/A          6%          2    None

Your spell library contained the following spells:

 Spells                   Type           Power        Failure   Level  Hunger
 Call Imp                 Summ           ###.....     6%          2    None
 Slow                     Hex            ###.....     10%         2    None


Dungeon Overview and Level Annotations

Branches:
Dungeon (5/15)             Temple (1/1) D:4

Altars:
Ashenzari
Cheibriados
Dithmenos
Elyvilon
Hepliaklqana
Kikubaaqudgha
Makhleb
Nemelex Xobeh
Okawaru
Ru
Sif Muna
Uskayaw
Vehumet
Wu Jian
Xom
Yredelemnul
The Shining One


Innate Abilities, Weirdness & Mutations

Your experience applies equally to all skills.
You have very sharp teeth.
Your uncanny sense of smell can sniff out nearby items.


Message History

The worker ant is heavily wounded.
The worker ant bites you.
* * * LOW HITPOINT WARNING * * *
Casting: Magic Dart (safe; 4% risk of failure)
Confirm with . or Enter, or press ? or * to list all spells.
Aiming: Magic Dart (safe; 4% risk of failure)
Press: ? - help, Shift-Dir - straight line, f/p - worker ant
Aim: a worker ant (heavily wounded)
The magic dart hits the worker ant but does no damage.
The worker ant is heavily wounded.
The worker ant misses you.
Casting: Magic Dart (safe; 4% risk of failure)
Confirm with . or Enter, or press ? or * to list all spells.
Aiming: Magic Dart (safe; 4% risk of failure)
Press: ? - help, Shift-Dir - straight line, f/p - worker ant
Aim: a worker ant (heavily wounded)
The magic dart hits the worker ant but does no damage.
The worker ant is heavily wounded.
The worker ant bites you.
You die...

##.....###.# ..##.##.....###..
##..#############^..........# ##.
.....##.......# ....[..$s...# ##.
......#.......####.. .......#....
......'...>...'.##..##...........
......#.......####.#.##......#...
..<...#.......# #..........##.#.
.....#####'#######o......##....
#.....# #......@ao........# .
#....#####.##.#.###รท...#....#
.>...###.#..#.####.....#......
..#............###.....#.##....
..###.#.........#..#####.# ....
### ###...........## .. .##
..#####.............####
........................
........##..........#


You could see a worker ant and 2 orcs.

Vanquished Creatures
  4 orc wizards
  2 worker ants (D:4)
  6 adders
  A worm (D:2)
  4 dart slugs
  A leopard gecko (D:4)
  11 orcs
  4 giant cockroaches
  7 hobgoblins
  4 jackals (D:3)
  5 kobolds
  A quokka (D:3)
  3 ball pythons
  9 bats
  8 frilled lizards
  5 goblins
  A jackal skeleton (D:4)
  8 rats
84 creatures vanquished.

Notes
Turn   | Place    | Note
-------+----------+-------------------------------------------
     0 | D:1      | Kagalorn the Gnoll Wizard began the quest for the Orb.
     0 | D:1      | Reached XP level 1. HP: 13/13 MP: 8/8
   121 | D:1      | Reached XP level 2. HP: 19/19 MP: 1/10
   518 | D:1      | Reached XP level 3. HP: 25/25 MP: 7/11
   535 | D:1      | Learned a level 2 spell: Blink
   539 | D:1      | Learned a level 3 spell: Conjure Flame
   543 | D:1      | Learned a level 3 spell: Mephitic Cloud
  1066 | D:2      | Found a glowing golden altar of the Shining One.
  1426 | D:2      | Reached skill level 1 in Invocations
  1794 | D:2      | Reached skill level 1 in Fighting
  1794 | D:2      | Reached skill level 1 in Short Blades
  1794 | D:2      | Reached skill level 1 in Long Blades
  1794 | D:2      | Reached skill level 1 in Axes
  1794 | D:2      | Reached skill level 1 in Maces & Flails
  1794 | D:2      | Reached skill level 1 in Polearms
  1794 | D:2      | Reached skill level 1 in Staves
  1794 | D:2      | Reached skill level 1 in Slings
  1794 | D:2      | Reached skill level 1 in Bows
  1794 | D:2      | Reached skill level 1 in Crossbows
  1794 | D:2      | Reached skill level 1 in Throwing
  1794 | D:2      | Reached skill level 1 in Armour
  1794 | D:2      | Reached skill level 1 in Shields
  1794 | D:2      | Reached skill level 1 in Unarmed Combat
  1794 | D:2      | Reached skill level 1 in Evocations
  1845 | D:3      | Reached XP level 4. HP: 30/32 MP: 8/13
  2270 | D:3      | Reached skill level 1 in Hexes
  2270 | D:3      | Reached skill level 1 in Charms
  2270 | D:3      | Reached skill level 1 in Necromancy
  2270 | D:3      | Reached skill level 1 in Transmutations
  2270 | D:3      | Reached skill level 1 in Fire Magic
  2270 | D:3      | Reached skill level 1 in Ice Magic
  2270 | D:3      | Reached skill level 1 in Air Magic
  2270 | D:3      | Reached skill level 1 in Earth Magic
  2270 | D:3      | Reached skill level 1 in Poison Magic
  2270 | D:3      | Reached XP level 5. HP: 28/37 MP: 8/14
  2622 | D:5      | Entered Level 5 of the Dungeon
  3100 | D:4      | Reached XP level 6. HP: 14/44 MP: 16/16
  3444 | D:4      | Found a staircase to the Ecumenical Temple.
  3451 | Temple   | Entered the Ecumenical Temple
  3620 | Temple   | Became a worshipper of Cheibriados the Contemplative
  3696 | D:4      | Slain by a worker ant

Levels and vault maps discovered:
D:1:      elethiomel_arrival_infinity_welcomes_careful_drivers,
          layout_loops_ring
D:2:      layout_loops_ring, lemuel_crystal_altar, minivault_5,
          serial_bayou_lagoon_a
D:3:      layout_basic, first_ration, kennysheep_potato
D:4:      layout_cave_pools, temple_green
D:5:      kennysheep_kobold_camp, layout_loops_ring, grunt_temple_overflow_open,
          ebering_ghost_sewer_f, ebering_dispersal_statue_hall, elyvilon_altar_4
Temple:   eino_temple_rhombus

Skill      XL: |  1  2  3  4  5  6 |
---------------+-------------------+-----
Conjurations   | 2 |  2.6
Summonings     | 2 |  2.6
Translocations | 2 |  2.6
Invocations    | 1 2 |  2.1
Fighting       | 1 |  1.9
Short Blades   | 1 |  1.9
Long Blades    | 1 |  1.9
Axes           | 1 |  1.9
Maces & Flails | 1 |  1.9
Polearms       | 1 |  1.9
Staves         | 1 |  1.9
Slings         | 1 |  1.9
Bows           | 1 |  1.9
Crossbows      | 1 |  1.9
Throwing       | 1 |  1.9
Armour         | 1 |  1.9
Shields        | 1 |  1.9
Unarmed Combat | 1 |  1.9
Evocations     | 1 |  1.9
Hexes          | 1 |  1.5
Charms         | 1 |  1.5
Necromancy     | 1 |  1.5
Transmutations | 1 |  1.5
Fire Magic     | 1 |  1.5
Ice Magic      | 1 |  1.5
Air Magic      | 1 |  1.5
Earth Magic    | 1 |  1.5
Poison Magic   | 1 |  1.5
Dodging        | |  4.9
Stealth        | |  4.5
Spellcasting   | |  7.4

Action                   |  1- 3 |  4- 6 || total
-------------------------+-------+-------++-------
Melee: Dagger            |    38 |    57 ||    95
       Bite              |     2 |     4 ||     6
       War axe           |       |    29 ||    29
 Cast: Magic Dart        |    66 |   110 ||   176
       Conjure Flame     |     1 |     1 ||     2
       Blink             |       |     3 ||     3
 Stab: Sleeping          |     4 |     3 ||     7
  Eat: Chunk             |     3 |     6 ||     9
Armor: Robe              |     8 |     5 ||    13
       Leather armour    |       |    20 ||    20
Dodge: Dodged            |    19 |    91 ||   110
Block: Buckler           |     4 |    29 ||    33
